 Dungeon Crawl Stone Soup version 0.23.1 (webtiles) character file.

Game seed: 3562841418058060165

277 Borgoz the Sneak (level 6, -1/47 HPs)
             Began as a Ghoul Enchanter on Mar 14, 2019.
             Slain by a water moccasin zombie (6 damage)
             ... in an ossuary.
             The game lasted 00:10:50 (3940 turns).

Borgoz the Sneak (Ghoul Enchanter)                  Turns: 3940, Time: 00:10:50

Health: -1/47      AC:  5    Str: 11 (12) XL:     6   Next: 25%
Magic:  8/8        EV: 13    Int: 14 (15) God:
Gold:   138        SH:  0    Dex: 12 (14) Spells: 3/9 levels left

rFire    . . .     SeeInvis .   a - +1 dagger
rCold    + . .     Gourm    .   (no shield)
rNeg     + + +     Faith    .   b - +0 robe
rPois    ∞         Spirit   .   r - +2 helmet
rElec    .         Reflect  .   (no cloak)
rCorr    .         Harm     .   (no gloves)
MR       .....                  (no boots)
Stlth    ++........             (no amulet)
HPRegen  0.00/turn              (no ring)
MPRegen  0.11/turn              h - +3 ring of dexterity

@: brilliant, rotting
A: rotting body, claws 1, carnivore, cold resistance 1, negative energy
resistance 3, inhibited regeneration, torment resistance, unbreathing
a: no special abilities


You were in an ossuary.
You were not hungry.

You visited 1 branch of the dungeon, and saw 5 of its levels.
You also visited: Ossuary.

You collected 138 gold pieces.

Inventory:

Hand Weapons
 a - a +1 dagger (weapon)
Missiles
 f - 6 tomahawks (quivered)
Armour
 b - a +0 robe (worn)
 g - a +0 ring mail
 r - a +2 helmet (worn)
Jewellery
 h - a +3 ring of dexterity (right claw)
Scrolls
 e - 2 scrolls of teleportation
 n - a scroll of remove curse
 q - a scroll of fear
Potions
 j - 2 potions of resistance
 p - 2 potions of magic
Comestibles
 d - 3 rations


   Skills:
 + Level 1.4 Fighting
 * Level 2.4 Short Blades
 * Level 2.0 Armour
 * Level 2.8 Dodging
 + Level 3.8 Stealth
 + Level 2.4 Spellcasting
 * Level 3.2 Hexes


You had 3 spell levels left.
You knew the following spells:

 Your Spells              Type           Power        Failure   Level  Hunger
a - Corona                Hex            ###....      1%          1    #......
b - Ensorcelled Hibernat  Hex/Ice        ##....       2%          2    ###....
c - Confuse               Hex            ###.....     2%          3    ###....

Your spell library contained the following spells:

 Spells                   Type           Power        Failure   Level  Hunger
 Summon Small Mammal      Summ           ##..         2%          1    #......
 Tukima's Dance           Hex            ###.....     2%          3    ###....
 Call Imp                 Summ           ##......     4%          2    ###....
 Dazzling Spray           Conj/Hex       ##....       4%          3    ###....
 Summon Guardian Golem    Hex/Summ       ##......     4%          3    ###....
 Call Canine Familiar     Summ           ##......     8%          3    ###....
 Summon Ice Beast         Ice/Summ       ##......     22%         4    #####..
 Summon Lightning Spire   Summ/Air       ##......     22%         4    #####..


Dungeon Overview and Level Annotations

Branches:
Dungeon (5/15)
 Temple: D:4-7

Altars:
Xom

Shops:
D:5 *


Innate Abilities, Weirdness & Mutations

Your body is rotting away.
You thrive on raw meat.
You are immune to poison.
You have sharp fingernails.
You are carnivorous and can eat meat at any time.
Your flesh is cold resistant. (rC+)
You are immune to negative energy. (rN+++)
You do not regenerate when monsters are visible.
You are immune to unholy pain and torment.
You can survive without breathing.


Message History

A poisoned needle misses the water moccasin zombie!
There is an open door here.
A poisoned needle hits the adder zombie, but does no damage!
The water moccasin zombie misses you.
You barely miss the water moccasin zombie.
A poisoned needle hits the big kobold zombie!
The water moccasin zombie bites you but does no damage.
You hit the water moccasin zombie.
The water moccasin zombie is lightly damaged.
The water moccasin zombie bites you!
* * * LOW HITPOINT WARNING * * *
You feel better.
The water moccasin zombie closely misses you.
You feel better.
A poisoned needle hits the big kobold zombie!
The water moccasin zombie bites you!
* * * LOW HITPOINT WARNING * * *
You feel clever all of a sudden. The water moccasin zombie bites you.
You die...

######################
#∩^ZZZ..#...^#...#...#
#^.^#...#Z^ZZZ@..'!..#
#^^Z#...'^^^.#...#^.^#
##Z#################'#
... #...# #...# #...#
#...# #...# #...#
#...# ##+## ###'#
#^.^#


You could see an adder zombie, a water moccasin zombie, a gnoll zombie and a big
kobold zombie.

Vanquished Creatures
  2 water moccasin zombies (Ossuary)
  A big kobold zombie (Ossuary)
  5 adders
  3 oozes
  4 adder zombies (Ossuary)
  4 worms
  5 dart slugs
  2 leopard geckos
  A giant cockroach (D:3)
  3 goblins (D:1)
  4 hobgoblins
  4 jackals
  6 kobolds
  A ball python (D:3)
  6 bats
  3 frilled lizards
  3 gnoll zombies (Ossuary)
  A hobgoblin zombie (Ossuary)
  A kobold zombie (Ossuary)
  4 orc zombies (Ossuary)
  3 rats
66 creatures vanquished.

Notes
Turn   | Place    | Note
-------+----------+-------------------------------------------
     0 | D:1      | Borgoz the Ghoul Enchanter began the quest for the Orb.
     0 | D:1      | Reached XP level 1. HP: 14/14 MP: 2/2
   226 | D:1      | Reached skill level 1 in Short Blades
   541 | D:1      | Reached XP level 2. HP: 18/20 MP: 3/3
   867 | D:1      | Reached XP level 3. HP: 15/26 MP: 5/5
  1395 | D:2      | Reached skill level 1 in Armour
  1414 | D:2      | Reached XP level 4. HP: 14/34 MP: 6/6
  2517 | D:3      | Learned a level 2 spell: Ensorcelled Hibernation
  2521 | D:3      | Learned a level 3 spell: Confuse
  2605 | D:3      | Found a shimmering altar of Xom.
  2812 | D:4      | Reached XP level 5. HP: 7/39 MP: 5/7
  3206 | D:4      | Reached skill level 1 in Fighting
  3329 | D:5      | Entered Level 5 of the Dungeon
  3331 | D:5      | Noticed a phantom
  3335 | D:5      | Found Icuphuf's Assorted Antiques.
  3355 | D:5      | Found a sand-covered staircase.
  3362 | Ossuary  | Entered an ossuary
  3908 | Ossuary  | Reached XP level 6. HP: 13/46 MP: 8/8
  3937 | Ossuary  | HP: 1/46 [water moccasin zombie (8)]
  3940 | Ossuary  | Slain by a water moccasin zombie

Skill      XL: |  1  2  3  4  5 |
---------------+----------------+-----
Short Blades   | 1 2 |  2.4
Dodging        | 2 |  2.8
Spellcasting   | 2 |  2.4
Armour         | 1 2 |  2.0
Fighting       | 1 |  1.4
Hexes          | 3 |  3.2
Stealth        | |  3.8

Action                   |  1- 3 |  4- 6 || total
-------------------------+-------+-------++-------
Melee: Dagger            |   206 |   401 ||   607
 Cast: Corona            |     1 |       ||     1
       Confuse           |       |     1 ||     1
  Use: Scroll            |     6 |     6 ||    12
       Potion            |     3 |     6 ||     9
 Stab: Sleeping          |     1 |     7 ||     8
  Eat: Chunk             |     8 |     9 ||    17
Armor: Ring mail         |    90 |    98 ||   188
       Robe              |     1 |    39 ||    40
Dodge: Dodged            |   119 |   230 ||   349
